 Dungeon Crawl Stone Soup version 0.21.1-1-g345015f (webtiles) character file.

46 frogsdev the Shield-Bearer (level 3, 0/30 HPs)
             Began as a Formicid Fighter on Apr 3, 2018.
             Slain by an adder (3 damage)
             ... on level 2 of the Dungeon.
             The game lasted 00:03:09 (876 turns).

frogsdev the Shield-Bearer (Formicid Fighter)        Turns: 876, Time: 00:03:09

Health: 0/30       AC:  6    Str: 21    XL:     3   Next: 95%
Magic:  3/3        EV:  6    Int:  7    God:
Gold:   82         SH: 14    Dex: 10    Spells: 2/2 levels left

rFire    . . .     SeeInvis +   a - +0 flail
rCold    . . .     Gourm    .   e - +0 large shield
rNeg     . . .     Faith    .   b - +0 scale mail
rPois    .         Spirit   .   (helmet unavailable)
rElec    .         Reflect  .   (no cloak)
rCorr    .         Harm     .   (no gloves)
MR       .....                  (no boots)
Stlth    ..........             (no amulet)
HPRegen  0.10/turn              (no ring)
MPRegen  0.08/turn              (no ring)

@: lethally poisoned (0 -> -40)
A: permanent stasis, dig shafts and tunnels, four strong arms, antennae 3
a: Dig, Shaft Self


You were on level 2 of the Dungeon.
You were not hungry.

You visited 1 branch of the dungeon, and saw 2 of its levels.

You collected 82 gold pieces.

Inventory:

Hand Weapons
 a - a +0 flail (weapon)
Missiles
 i - 3 javelins (quivered)
Armour
 b - a +0 scale mail (worn)
 c - a +0 shield
 e - a +0 large shield (worn)
Scrolls
 j - a scroll of identify
Potions
 d - a potion of might
 g - a potion of curing
Comestibles
 f - a ration
 h - a chunk of flesh


   Skills:
 + Level 3.6 Fighting
 + Level 2.4 Maces & Flails
 + Level 3.5 Armour
 + Level 0.2 Dodging
 * Level 4.5 Shields


You had 2 spell levels left.
You didn't know any spells.

Dungeon Overview and Level Annotations

Branches:
Dungeon (2/15)

Altars:


Innate Abilities, Weirdness & Mutations

You cannot be hasted, slowed, berserked, paralysed or teleported.
You can dig through walls and to a lower floor.
Your four strong arms can wield two-handed weapons with a shield.
You have a pair of large antennae on your head. (SInv)


Message History

The water moccasin bites you!
You barely miss the adder.
You feel sick. The adder bites you but does no damage.
You block the water moccasin's attack. You block the adder's attack.
The water moccasin bites you but does no damage.
You closely miss the adder.
You feel sick. You block the adder's attack. The water moccasin bites you.
You are lethally poisoned!
The water moccasin poisons you! The adder bites you but does no damage.
The water moccasin bites you.
You barely miss the adder.
* * * LOW HITPOINT WARNING * * *
You feel very sick. You block the water moccasin's attack. The adder bites you.
* * * LOW HITPOINT WARNING * * *
The water moccasin bites you.
* * * LOW HITPOINT WARNING * * *
You are more poisoned.
The water moccasin poisons you! The adder bites you.
You die...

#....#
##+#####....#
#...........#
#...........#
#...........#
+.<.........#
#...........#
#.....S.<...#
#...S@......#
#...............
#...............
.....####.........
P###. ###.#..... #
.#..... .#..... .#
..


You could see a water moccasin and an adder.

Vanquished Creatures
  2 dart slugs (D:1)
  A leopard gecko (D:1)
  3 bats (D:1)
  4 giant cockroaches (D:1)
  4 goblins (D:1)
  5 hobgoblins (D:1)
  4 jackals (D:1)
  6 kobolds (D:1)
  4 frilled lizards (D:1)
  4 rats (D:1)
37 creatures vanquished.

Vanquished Creatures (others)
  2 minotaurs (D:1)
  A gargoyle (D:1)
  A vine stalker (D:1)
  2 trolls (D:1)
  A vampire (D:1)
  2 humans (D:1)
  A naga (D:1)
  2 mummies (D:1)
  7 tentacles (D:1)
19 creatures vanquished.

Grand Total: 56 creatures vanquished

Notes
Turn   | Place    | Note
-------+----------+-------------------------------------------
     0 | D:1      | frogsdev the Formicid Fighter began the quest for the Orb.
     0 | D:1      | Reached XP level 1. HP: 18/18 MP: 1/1
     0 | D:1      | Noticed a minotaur
     0 | D:1      | Noticed a human
     0 | D:1      | Noticed a minotaur
     0 | D:1      | Noticed a gargoyle
     0 | D:1      | Noticed a kraken
     0 | D:1      | Noticed a naga
     0 | D:1      | Noticed a vine stalker
     0 | D:1      | Noticed a human
     0 | D:1      | Noticed a troll
     0 | D:1      | Noticed a troll
     0 | D:1      | Noticed a vampire
     4 | D:1      | Killed a vine stalker
     4 | D:1      | Killed a human
     5 | D:1      | Killed a gargoyle
     6 | D:1      | Killed a troll
     8 | D:1      | Killed a human
    11 | D:1      | Killed a vampire
    11 | D:1      | Killed a minotaur
    12 | D:1      | Killed a naga
    12 | D:1      | Killed a minotaur
    13 | D:1      | Killed a troll
    88 | D:1      | Reached XP level 2. HP: 22/24 MP: 2/2
   191 | D:1      | Reached skill level 4 in Shields
   233 | D:1      | Reached XP level 3. HP: 17/29 MP: 3/3
   868 | D:2      | Noticed a water moccasin
   876 | D:2      | Slain by an adder

Skill      XL: |  1  2 |
---------------+-------+-----
Shields        | 4 |  4.5
Fighting       | |  3.6
Maces & Flails | |  2.4
Armour         | |  3.5
Dodging        | |  0.2

Action                   || total
-------------------------++-------
Melee: Flail             ||   108
Throw: Javelin           ||     3
 Abil: Dig               ||     1
  Use: Scroll            ||     2
Armor: Scale mail        ||    46
Dodge: Dodged            ||    27
Block: Large shield      ||   114
       Shield            ||     4
